 Dungeon Crawl Stone Soup version 0.31-a0-180-g519b7de00c (webtiles) character file.

Game seed: 8176933588721490638

2483 innerfire43 the Cutter (level 9, 0/88 HPs)
             Began as a Demonspawn Monk on June 19, 2023.
             Was a High Priest of Jiyva.
             Slain by a wyvern (9 damage)
             ... on level 8 of the Dungeon.
             The game lasted 00:07:29 (5338 turns).

innerfire43 the Cutter (Demonspawn Monk)            Turns: 5338, Time: 00:07:29

Health: 0/88       AC: 15    Str: 16    XL:     9   Next: 27%
Magic:  9/9        EV: 13    Int: 11    God:    Jiyva [*****.]
Gold:   394        SH:  0    Dex: 26    Spells: 8/8 levels left

rFire   . . .        q - +5 dagger
rCold   . . .        d - orb {light}
rNeg    . . .        f - +1 plate armour
rPois   .            (helmet restricted)
rElec   .            (no cloak)
rCorr   +            p - +0 pair of gloves
SInv    .            (no boots)
Will    .....        (no amulet)
Stlth   +            e - +6 ring of dexterity
HPRegen 1.78/turn    n - +5 ring of evasion
MPRegen 0.56/turn

%: no passive effects
@: glowing
A: thin skeletal structure 2, demonic guardian 1, demonic touch 2, horns 1,
robust 3, sturdy frame 1
a: Renounce Religion, Oozemancy, Slimify


You were on level 8 of the Dungeon.
You worshipped Jiyva.
Jiyva was extremely pleased with you.
You visited 1 branch of the dungeon, and saw 8 of its levels.

You collected 394 gold pieces.

Inventory:

Hand Weapons
 a - a +0 spear
 l - a +0 trident
 q - a +5 dagger (weapon)
 t - a +0 antimagic shortbow
 u - a +1 dagger of draining
Armour
 b - a +0 robe
 d - an orb of light (worn)
 f - a +1 plate armour (worn)
 p - a +0 pair of gloves (worn)
 w - a +0 helmet
Jewellery
 e - a +6 ring of dexterity (left hand)
 n - a +5 ring of evasion (right hand)
Wands
 v - a wand of polymorph (14)
 y - a wand of charming (3)
 z - a wand of quicksilver (15)
Scrolls
 h - 4 scrolls of teleportation
 s - 5 scrolls of identify
 x - a scroll of butterflies {unknown}
 A - 2 scrolls of fear {unknown}
Potions
 i - a potion of haste {unknown}
 j - a potion of enlightenment {unknown}
 k - 2 potions of curing
 m - a potion of cancellation {unknown}
 o - 3 potions of mutation {unknown}
 r - a potion of degeneration {unknown}
 B - 2 potions of attraction {unknown}


   Skills:
 + Level 5.5 Fighting
 * Level 7.6 Short Blades
 - Level 3.1 Polearms
 * Level 6.6 Armour
 - Level 3.3 Dodging
 + Level 0.8 Unarmed Combat


You had 8 spell levels left.
You didn't know any spells.
Your spell library contained the following spells:

 Spells                   Type           Power      Damage    Failure   Level
 Sting                    Tmut/Pois      0%         1d3       100%        1
 Blink                    Tloc           0%         N/A       100%        2
 Lesser Beckoning         Tloc           0%         N/A       100%        2
 Momentum Strike          Conj/Tloc      0%         3d8       100%        2
 Poisonous Vapours        Pois/Air       0%         N/A       100%        2
 Olgreb's Toxic Radiance  Pois           0%         N/A       100%        4


Dungeon Overview and Level Annotations

Branches:
Dungeon (8/15)             Temple (0/1) D:6            Lair (0/5) D:8

Altars:
Fedhas
Jiyva


Innate Abilities, Weirdness & Mutations

You have a moderately thin skeletal structure. (Dex +4, Stealth++)
A weak demonic guardian rushes to your aid.
Your touch may inflict irresistible damage on your foes.
You have a pair of small horns on your head.
You are extremely robust. (+30% HP)
Your movements are slightly less encumbered by armour. (ER -2)


Message History

The wyvern is lightly wounded.
The wyvern bites you.
* * * LOW HITPOINT WARNING * * *
A demonic guardian appears!
The wyvern bites you.
* * * LOW HITPOINT WARNING * * *
The water moccasin bites you but does no damage.
You feel much better. The wyvern bites you.
The wyvern bites you but does no damage.
The water moccasin bites you but does no damage.
The yak gores you!
* * * LOW HITPOINT WARNING * * *
The yak gores you but does no damage.
Your white imp barely misses the yak.
The wyvern bites you!
* * * LOW HITPOINT WARNING * * *
It was a potion of curing.
You feel better. The wyvern closely misses you. The water moccasin bites you.
* * * LOW HITPOINT WARNING * * *
The yak gores you but does no damage. x2; The wyvern closely misses you.
The wyvern bites you!
* * * LOW HITPOINT WARNING * * *
The water moccasin bites you but does no damage.
Your white imp hits the yak.
Your white imp freezes the yak.
You feel better. The wyvern barely misses you. The wyvern bites you.
* * * LOW HITPOINT WARNING * * *
The yak gores you.
* * * LOW HITPOINT WARNING * * *
The yak gores you but does no damage. The water moccasin barely misses you.
Your white imp barely misses the yak.
The wyvern barely misses you.
You hit the wyvern.
The wyvern is moderately wounded.
The wyvern closely misses you.
The water moccasin bites you but does no damage.
The yak barely misses you. The yak gores you!
* * * LOW HITPOINT WARNING * * *
The wyvern bites you.
* * * LOW HITPOINT WARNING * * *
You hit the wyvern.
The wyvern is moderately wounded.
The wyvern bites you!
You die...

....######
###......###... #
#..###.# .... #
#.<###.###...#########
###..#.........#........
.....#.#.# #.....♣.P....
####.#.#.# ##....P...P.P
####<....# #.P.P..♣.....
##.[.....###...l@Y......
##.#...........SlY.P....
#.#.#.#.##....†.5...P..
# #..............>.....
#.>.#...........P....
#.............P......
.......#....PP........
####.######............
... #..........♣..


You could see 2 yaks, a water moccasin, 2 wyverns and a friendly white imp
(summoned).

Vanquished Creatures
  Pikel (D:6)
  2 yaks (D:8)
  A wyvern (D:8)
  2 steam dragons
  Duvessa (D:6)
  3 black bears
  2 ice beasts
  3 ogres
  A bullfrog (D:7)
  2 scorpions
  Dowan (D:6)
  A howler monkey (D:7)
  2 hounds
  Ijyb (D:4)
  3 iguanas
  An orc wizard (D:8)
  3 adders
  A white imp (D:7)
  2 ufetubi
  4 worms
  6 orcs
  8 ball pythons
  9 bats
  7 endoplasms
  4 giant cockroaches
  12 goblins
  4 hobgoblins
  10 jackals
  3 quokkas
  5 frilled lizards
  10 kobolds
  2 rats (D:1)
117 creatures vanquished.

Vanquished Creatures (others)
  A centaur (D:5)
  3 jellies
  An adder (D:4)
  A shadow imp (D:6)
  A kobold (D:4)
7 creatures vanquished.

Grand Total: 124 creatures vanquished

Notes
Turn   | Place    | Note
-------+----------+-------------------------------------------
     0 | D:1      | innerfire43 the Demonspawn Monk began the quest for the
                  | Orb.
     0 | D:1      | Reached XP level 1. HP: 18/18 MP: 1/1
   213 | D:1      | Gained mutation: Your touch may inflict minor irresistible
                  | damage on your foes. [demonic ancestry]
   213 | D:1      | Reached XP level 2. HP: 3/24 MP: 2/2
   824 | D:2      | Gained mutation: You have a somewhat thin skeletal
                  | structure. (Dex +2, Stealth+) [demonic ancestry]
   824 | D:2      | Reached XP level 3. HP: 29/29 MP: 3/3
  1136 | D:2      | Reached skill level 1 in Short Blades
  1578 | D:3      | Reached XP level 4. HP: 24/35 MP: 4/4
  1687 | D:3      | Found a faded altar of an unknown god.
  2102 | D:3      | Prayed at the altar of an unknown god.
  2102 | D:3      | Became a worshipper of Jiyva Juiluh the Shapeless
  2102 | D:3      | Reached * piety under Jiyva
  2102 | D:3      | Reached ** piety under Jiyva
  2151 | D:4      | Noticed a black bear
  2168 | D:4      | Killed a black bear
  2169 | D:4      | Reached skill level 2 in Short Blades
  2169 | D:4      | Reached skill level 1 in Armour
  2169 | D:4      | Reached XP level 5. HP: 23/42 MP: 5/5
  2187 | D:4      | Reached *** piety under Jiyva
  2248 | D:4      | Reached skill level 3 in Short Blades
  2574 | D:4      | Noticed Ijyb
  2598 | D:4      | Killed Ijyb
  2634 | D:4      | Gained mutation: Your touch may inflict irresistible damage
                  | on your foes. [demonic ancestry]
  2634 | D:4      | Reached XP level 6. HP: 48/48 MP: 6/6
  3124 | D:5      | Entered Level 5 of the Dungeon
  3266 | D:5      | Gained mutation: Your flesh is heat resistant. (rF+)
                  | [Jiyva's grace]
  3266 | D:5      | Gained mutation: Your flesh is very heat resistant. (rF++)
                  | [Jiyva's grace]
  3266 | D:5      | Gained mutation: Your flesh is almost immune to the effects
                  | of heat. (rF+++) [Jiyva's grace]
  3266 | D:5      | Gained mutation: You have a pair of small horns on your
                  | head. [Jiyva's grace]
  3309 | D:5      | Reached **** piety under Jiyva
  3380 | D:5      | Reached skill level 4 in Short Blades
  3606 | D:5      | Found a blossoming altar of Fedhas.
  3759 | D:6      | Reached XP level 7. HP: 54/54 MP: 7/7
  3835 | D:6      | Reached skill level 5 in Short Blades
  3905 | D:6      | Noticed Duvessa
  3906 | D:6      | Noticed Dowan
  3921 | D:6      | Killed Duvessa
  3965 | D:6      | Killed Dowan
  3985 | D:6      | Found a staircase to the Ecumenical Temple.
  4085 | D:6      | Noticed Pikel
  4107 | D:6      | Killed Pikel
  4108 | D:6      | Reached skill level 6 in Short Blades
  4108 | D:6      | Reached skill level 5 in Armour
  4108 | D:6      | Gained mutation: You have a moderately thin skeletal
                  | structure. (Dex +4, Stealth++) [demonic ancestry]
  4108 | D:6      | Reached XP level 8. HP: 45/61 MP: 8/8
  4430 | D:7      | Reached skill level 5 in Fighting
  4457 | D:7      | Reached ***** piety under Jiyva
  4618 | D:7      | Identified the +10 trident of Day {flame, rF+ rC+ Str+2}
  4677 | D:7      | Lost mutation: Your flesh is almost immune to the effects
                  | of heat. (rF+++) [Jiyva's grace]
  4677 | D:7      | Lost mutation: Your flesh is very heat resistant. (rF++)
                  | [Jiyva's grace]
  4677 | D:7      | Lost mutation: Your flesh is heat resistant. (rF+) [Jiyva's
                  | grace]
  4677 | D:7      | Gained mutation: You are robust. (+10% HP) [Jiyva's grace]
  4677 | D:7      | Gained mutation: You are very robust. (+20% HP) [Jiyva's
                  | grace]
  4677 | D:7      | Gained mutation: You are extremely robust. (+30% HP)
                  | [Jiyva's grace]
  4677 | D:7      | Gained mutation: Your movements are slightly less
                  | encumbered by armour. (ER -2) [Jiyva's grace]
  4898 | D:7      | Reached skill level 7 in Short Blades
  5265 | D:8      | Gained mutation: A weak demonic guardian rushes to your
                  | aid. [demonic ancestry]
  5265 | D:8      | Reached XP level 9. HP: 75/88 MP: 9/9
  5299 | D:8      | Found a staircase to the Lair.
  5338 | D:8      | Slain by a wyvern

Illustrated notes

Levels and vault maps discovered:
D:1:      giann_forest_graveyard, layout_rooms, minmay_split_cup_large
D:2:      layout_basic, minmay_between
D:3:      layout_basic, tso_metal_star, shapermc_ecumenical_altar_venn
D:4:      kennysheep_goblin_castle, layout_basic, kennysheep_donut,
          minmay_liquid_box
D:5:      layout_loops_ring, mainiacjoe_overflow_alcove_2, grunt_decor_clamped
D:6:      layout_cave_pools, minmay_temple_entry_crystal_x, serial_rivers,
          chequers_serial_rivers_small_a, chequers_serial_rivers_large_a,
          chequers_serial_rivers_marsh, chequers_serial_rivers_small_b,
          grunt_ministairs_15, uniq_duvessa, uniq_pikel
D:7:      layout_gridville
D:8:      layout_loops_cross, minmay_lair_entry_grove

Skill      XL: |  1  2  3  4  5  6  7  8 |
---------------+-------------------------+-----
Dodging        | 3 |  3.3
Polearms       | 3 |  3.1
Short Blades   | 1 2 3 4 6 7 |  7.6
Armour         | 1 2 5 6 |  6.6
Fighting       | 4 5 |  5.5
Unarmed Combat | |  0.8

Action                     |  1- 3 |  4- 6 |  7- 9 || total
---------------------------+-------+-------+-------++-------
  Melee: Spear             |    39 |       |       ||    39
         Trident           |    23 |       |       ||    23
         Dagger            |    57 |   131 |   194 ||   382
         Unarmed           |       |    10 |       ||    10
         Headbutt          |       |     8 |    62 ||    70
    Use: Scroll            |     6 |       |     3 ||     9
         Potion            |       |       |     7 ||     7
   Stab: Sleeping          |     3 |       |       ||     3
         Confused          |       |     2 |       ||     2
 Armour: Robe              |    21 |       |       ||    21
         Plate armour      |    16 |   103 |   142 ||   261
         Skin              |       |     5 |       ||     5
  Dodge: Dodged            |    70 |    79 |   180 ||   329

Table legend: (Time is in decaauts)
 A = Elapsed time spent in this place.
 B = Non-inter-level travel time spent in this place.
 C = Inter-level travel time spent in this place.
 D = Time resting spent in this place.
 E = Time spent auto-exploring this place.
 F = Levels seen in this place.
 G = Mean time per level.
                   A        B        C        D        E       F      G
               +--------+--------+--------+--------+--------+-----+--------+
         Total |   5275 |   4878 |    397 |      0 |   3947 |   8 |  659.4 |
       Dungeon |   5275 |   4878 |    397 |      0 |   3947 |   8 |  659.4 |
               +--------+--------+--------+--------+--------+-----+--------+

Top non-repeatable levels by time:
     D:4: 994 daAuts
     D:2: 780 daAuts
     D:7: 722 daAuts
     D:3: 696 daAuts
     D:6: 655 daAuts
     D:1: 638 daAuts
     D:5: 620 daAuts
     D:8: 167 daAuts
